 Dungeon Crawl Stone Soup version 0.17-a0-157-g289cc6a (webtiles) character file.

90 Ngotmuk the Skirmisher (level 4, -9/35 HPs)
             Began as a Demonspawn Abyssal Knight on Mar 27, 2015.
             Was a Believer of Lugonu.
             Mangled by an orc
             ... wielding a +2 hand axe of electrocution
              (19 damage)
             ... on level 3 of the Dungeon.
             The game lasted 00:07:22 (1950 turns).

Ngotmuk the Skirmisher (Demonspawn Abyssal Knight)  Turns: 1950, Time: 00:07:22

Health: -9/35      AC: 11    Str: 13    XL:     4   Next: 32%
Magic:  5/5        EV:  4    Int: 13    God:    Lugonu [**....]
Gold:   196        SH:  0    Dex: 13    Spells: 0 memorised, 3 levels left

rFire  . . .     SeeInvis .     a - +1 mace
rCold  . . .     Clarity  .     q - +0 plate armour
rNeg   . . .     SustAb   .     (no shield)
rPois  .         Gourm    .     (no helmet)
rElec  .         Spirit   .     (no cloak)
rCorr  .         Warding  .     (no gloves)
rMut   .         Stasis   .     (no boots)
MR     .....                    (no amulet)
Stlth  ..........               (no ring)
                                (no ring)

@: not resistant to hostile enchantments, extremely unstealthy
A: hooves 1, powered by death 1
a: Depart the Abyss, Bend Space, Renounce Religion


You were on level 3 of the Dungeon.
You worshipped Lugonu.
Lugonu was pleased with you.
You were not hungry.

You visited 1 branch of the dungeon, and saw 3 of its levels.
You visited the Abyss 1 time.

You collected 196 gold pieces.

Inventory:

Hand weapons
 a - a +1 mace (weapon)
Armour
 q - a +0 plate armour (worn)
Magical devices
 t - a wand of disintegration (6)
Scrolls
 d - 3 scrolls of teleportation {unknown}
 f - a scroll of blinking {unknown}
 h - a scroll of noise {unknown}
 i - a scroll of fog {unknown}
 l - a scroll of enchant weapon {unknown}
 m - a scroll of random uselessness {unknown}
 o - a scroll of remove curse {unknown}
 r - a scroll of identify {unknown}
 s - a scroll of immolation {unknown}
 v - a scroll of magic mapping {unknown}
 w - a scroll of recharging {unknown}
Potions
 b - 2 potions of brilliance {unknown}
 e - 3 potions of curing {unknown}
 g - a potion of lignification {unknown}
 j - a potion of degeneration {unknown}
 k - a potion of restore abilities {unknown}
 n - a potion of mutation {unknown}
 u - a potion of poison {unknown}
Comestibles
 c - 3 bread rations
 p - a meat ration


   Skills:
 + Level 3.5 Fighting
 + Level 2.4 Maces & Flails
 + Level 2.6 Armour
 + Level 2.0 Dodging
 - Level 2.4 Invocations


You had 3 spell levels left.
You didn't know any spells.

Dungeon Overview and Level Annotations

Branches:
Dungeon (3/15)

Altars:


Innate Abilities, Weirdness & Mutations

You have large cloven feet.
You can steal the life force of nearby defeated enemies.


Message History

An orc comes into view.
It is wielding a hand axe of electrocution.
The orc shouts!
Found 13 poisoned needles and a fizzy ruby potion.
You hit the orc but do no damage. The orc hits you but does no damage.
You hit the orc.
The orc is heavily wounded.
The orc hits you but does no damage.
Your plate armour prevents you from hitting the orc.
Your kick misses the orc.
The orc is heavily wounded.
The orc hits you with a hand axe of electrocution!
You are electrocuted!
Ouch! That really hurt!
* * * LOW HITPOINT WARNING * * *
The orc hits you but does no damage.
You hit the orc. Your kick misses the orc.
The orc is severely wounded.
The orc hits you but does no damage.
You are electrocuted!
Ouch! That really hurt!
You die...

... #.# ##.####
##.....#
##.#.##.########
###..>###........#
.......#########.#
###..(## #.# ##.##
#@# #.# #.o(!# #
#.### ###### #
#...# # ###.# #
#.# ######.###
##.......#
##.##.#..#


You could see an orc.

Vanquished Creatures
  Ijyb (D:2)
  Terence (D:2)
  3 adders (D:2)
  A ball python (D:2)
  A giant cockroach (D:1)
  4 hobgoblins
  7 kobolds
  A quokka (D:2)
  3 bats (D:2)
  5 giant newts
  6 goblins
  6 rats
39 creatures vanquished.

Notes
Turn   | Place    | Note
--------------------------------------------------------------
     0 | Abyss:1  | Ngotmuk, the Demonspawn Abyssal Knight, began the quest for the Orb.
     0 | Abyss:1  | Reached XP level 1. HP: 18/18 MP: 1/1
    13 | D:1      | Escaped the Abyss
    40 | D:1      | Reached skill level 1 in Dodging
   374 | D:1      | Gained mutation: You can steal the life force of nearby defeated enemies. [demonic ancestry]
   374 | D:1      | Reached XP level 2. HP: 17/24 MP: 2/2
   870 | D:2      | Acquired Lugonu's second power
   893 | D:2      | Reached XP level 3. HP: 15/29 MP: 4/4
  1239 | D:2      | Noticed Terence
  1245 | D:2      | Noticed Ijyb
  1270 | D:2      | Killed Terence
  1290 | D:2      | Killed Ijyb
  1290 | D:2      | Gained mutation: You have large cloven feet. [demonic ancestry]
  1290 | D:2      | Reached XP level 4. HP: 24/35 MP: 5/5
  1950 | D:3      | Mangled by an orc

Action                   |  1- 3 |  4- 6 || total
-------------------------+-------+-------++-------
Melee: Mace              |   138 |    49 ||   187
  Eat: Royal jelly       |     1 |       ||     1
       Meat ration       |       |     1 ||     1
